 Dungeon Crawl Stone Soup version 0.21-a0-150-gc243083 (webtiles) character file.

83 AverageBear the Cutter (level 4, -3/27 HPs)
             Began as a Deep Elf Fighter on July 28, 2017.
             Slain by a gnoll
             ... wielding a +0 halberd
              (9 damage)
             ... on level 2 of the Dungeon.
             The game lasted 00:01:17 (1374 turns).

AverageBear the Cutter (Deep Elf Fighter)           Turns: 1374, Time: 00:01:17

Health: -3/27      AC:  6    Str: 16    XL:     4   Next: 22%
Magic:  6/6        EV:  6    Int: 13    God:
Gold:   46         SH:  8    Dex: 14    Spells: 3/3 levels left

rFire    . . .     SeeInvis .   j - +0 dagger (venom)
rCold    . . .     Gourm    .   c - +0 shield
rNeg     . . .     Faith    .   b - +0 scale mail
rPois    .         Spirit   .   (no helmet)
rElec    .         Reflect  .   (no cloak)
rCorr    .         Harm     .   (no gloves)
MR       .....     Rnd*Rage +   (no boots)
Stlth    ..........             (no amulet)
HPRegen  0.09/turn              (no ring)
MPRegen  0.10/turn              (no ring)

@: lethally poisoned (-3 -> -12)
A: berserk 1, strong 1
a: no special abilities


You were on level 2 of the Dungeon.
You were not hungry.

You visited 1 branch of the dungeon, and saw 2 of its levels.

You collected 46 gold pieces.

Inventory:

Hand Weapons
 a - a +0 rapier
 j - a +0 dagger of venom (weapon)
Armour
 b - a +0 scale mail (worn)
 c - a +0 shield (worn)
Scrolls
 i - a scroll of blinking {unknown}
 m - a scroll of enchant armour {unknown}
 n - a scroll of remove curse {unknown}
Potions
 d - a potion of might
 l - 2 potions of resistance
Comestibles
 f - a bread ration
 g - a meat ration
 h - 7 chunks of flesh
 k - 2 royal jellies


   Skills:
 - Level 2.4 Fighting
 + Level 4.5 Short Blades
 - Level 2.4 Armour
 - Level 2.4 Shields


You had 3 spell levels left.
You didn't know any spells.

Dungeon Overview and Level Annotations

Branches:
Dungeon (2/15)

Altars:


Innate Abilities, Weirdness & Mutations

You tend to lose your temper in combat.
Your muscles are strong. (Str +2)


Message History

You hit the adder.
The adder looks as sick as possible!
The adder is almost dead.
You feel sick. The adder bites you but does no damage.
You miss the adder.
The adder is almost dead.
You feel sick.
You kill the adder!
The goblin unwields an uncursed club.
The goblin wields a hunting sling.
The goblin shoots a stone.
The stone hits you but does no damage.
* * * LOW HITPOINT WARNING * * *
You feel sick.
The goblin shoots a stone.
The stone barely misses you.
You see here an adder corpse.
It was a potion of mutation.
You feel extremely strange.
You feel a little pissed off.
You feel stronger.
* * * LOW HITPOINT WARNING * * *
You feel sick.
The goblin shoots a stone.
The stone barely misses you.
* * * LOW HITPOINT WARNING * * *
You feel sick.
The gnoll hits you from afar with a halberd!
You die...

***,,,,** #.###.#.# #
*,,,*,,,* #!S..S..# #
*,*,,..,* #####.### #
*,**,,#.###### #.#
*,**,*##.....###.#
*,,,,,#.....[.gS.#
*,****[.####†##### ###
*,* **,* #.#########.##
*,* *,*
#gg@†(...(...####### *,*
*,* #.#######.#......<..
*,*****,* #.#
##.#.#######
*,,,,,,,***#.#* ##.##
*,,,,,,,,,,...*******###
***********.#.,,,,,,*
#.,.*****,* ##*** *,*
*,*


You could see a gnoll and a goblin.

Vanquished Creatures
  2 gnolls (D:2)
  2 adders (D:2)
  An ooze (D:1)
  A leopard gecko (D:2)
  5 bats
  A giant cockroach (D:1)
  3 goblins (D:1)
  5 hobgoblins (D:1)
  7 jackals
  A quokka (D:2)
  A ball python (D:1)
  3 frilled lizards (D:1)
  5 kobolds
  3 rats
40 creatures vanquished.

Notes
Turn   | Place    | Note
-------+----------+-------------------------------------------
     0 | D:1      | AverageBear the Deep Elf Fighter began the quest for the Orb.
     0 | D:1      | Reached XP level 1. HP: 13/13 MP: 3/3
   200 | D:1      | Reached XP level 2. HP: 15/18 MP: 4/4
   280 | D:1      | Reached skill level 3 in Short Blades
   814 | D:1      | Reached XP level 3. HP: 22/22 MP: 5/5
  1319 | D:2      | Reached skill level 4 in Short Blades
  1362 | D:2      | Reached XP level 4. HP: 18/27 MP: 6/6
  1373 | D:2      | Gained mutation: You tend to lose your temper in combat. [potion of mutation]
  1373 | D:2      | Gained mutation: Your muscles are strong. (Str +2) [potion of mutation]
  1374 | D:2      | Slain by a gnoll

Vault maps used:
D:1:      lightli_iron_boxes, grunt_decor_one_mirror,
          minmay_large_rounded_square, kennysheep_boxes
D:2:      nicolae_overflow_crystal_walls

Skill      XL: |  1  2  3 |
---------------+----------+-----
Short Blades   | 3 4 |  4.5
Fighting       | |  2.4
Armour         | |  2.4
Shields        | |  2.4

Action                   |  1- 3 |  4- 6 || total
-------------------------+-------+-------++-------
Melee: Rapier            |   132 |       ||   132
       Dagger            |     5 |     5 ||    10
  Use: Scroll            |     2 |       ||     2
       Potion            |       |     1 ||     1
  Eat: Chunk             |     2 |       ||     2
Armor: Scale mail        |    48 |     3 ||    51
Dodge: Dodged            |    25 |     2 ||    27
Block: Shield            |    63 |       ||    63
